 Dungeon Crawl Stone Soup version 0.30-a0-1-g69b7b797bf (webtiles) character file.

Game seed: 4694678700950751093

79 Kinoniko the Poker (level 4, -1/37 HPs)
             Began as a Merfolk Berserker on Aug 19, 2022.
             Was a Believer of Trog.
             Slain by a lemure (4 damage)
             ... led by Pikel
             ... on level 3 of the Dungeon.
             The game lasted 00:02:12 (2416 turns).

Kinoniko the Poker (Merfolk Berserker)              Turns: 2416, Time: 00:02:14

Health: -1/37      AC:  9    Str: 17    XL:     4   Next: 38%
Magic:  4/4        EV:  5    Int:  6    God:    Trog [**....]
Gold:   144        SH:  0    Dex: 15    Spells: 3/3 levels left

rFire   . . .      SeeInvis .    v - +0 trident (protect)
rCold   . . .      Faith    .    (no shield)
rNeg    . . .      Spirit   .    u - +0 chain mail
rPois   +          Reflect  .    (no helmet)
rElec   .          Harm     .    (no cloak)
rCorr   .          Rampage  .    (no gloves)
Will    .....                    n - +0 pair of boots
Stlth   ..........               (no amulet)
HPRegen 0.12/turn                t - ring of poison resistance
MPRegen 0.09/turn                (no ring)

@: constricted
A: (nimble swimmer 2), mertail
a: Renounce Religion, Berserk, Trog's Hand


You were on level 3 of the Dungeon.
You worshipped Trog.
Trog was pleased with you.
You visited 1 branch of the dungeon, and saw 4 of its levels.

You collected 144 gold pieces.

Inventory:

Hand Weapons
 a - a +0 spear
 v - a +0 trident of protection (weapon)
Armour
 b - a +0 animal skin
 n - a +0 pair of boots (worn)
 u - a +0 chain mail (worn)
Jewellery
 d - a ring of fire
 f - a ring of magical power
 t - a ring of poison resistance (left hand)
Scrolls
 c - 3 scrolls of butterflies {unknown}
 g - a scroll of noise {unknown}
 k - a scroll of teleportation {unknown}
 l - a scroll of summoning {unknown}
 m - 2 scrolls of identify {unknown}
 o - a scroll of silence {unknown}
 q - 3 scrolls of blinking {unknown}
 r - 3 scrolls of fear {unknown}
 s - a scroll of poison {unknown}
 x - a scroll of torment {unknown}
Potions
 e - a potion of lignification {unknown}
 h - a potion of might {unknown}
 j - a potion of mutation {unknown}
 p - a potion of cancellation {unknown}
 w - a potion of attraction {unknown}
 z - a potion of invisibility {unknown}


   Skills:
 + Level 3.9 Fighting
 * Level 5.5 Polearms
 - Level 1.3 Armour
 + Level 3.7 Dodging


You had 3 spell levels left.
You didn't know any spells.
Your spell library was empty.

Dungeon Overview and Level Annotations

Branches:
Dungeon (4/15)
 Temple: D:4-7

Altars:

Annotations:
D:3 Pikel


Innate Abilities, Weirdness & Mutations

((You are very nimble when in or above water. (Stealth+, EV+, Speed+++)))
Your lower body shifts to a powerful aquatic tail in water.


Message History

The ball python grabs you.
You stop ascending the stairs.
The ball python constricts you. The lemure hits you but does no damage.
Pikel hits you with a +0 whip of electrocution.
You are electrocuted!
Unknown command.
You escape the ball python's grasp.
The ball python bites you but does no damage.
The ball python grabs you.
You stop ascending the stairs.
The ball python constricts you. The lemure hits you.
The lemure hits you but does no damage.
Pikel hits you with a +0 whip of electrocution!
* * * LOW HITPOINT WARNING * * *
Unknown command.
Unknown command.
You escape the ball python's grasp.
The lemure hits you but does no damage. The lemure closely misses you.
The lemure hits you!
* * * LOW HITPOINT WARNING * * *
Pikel hits you but does no damage.
You climb upwards.
There is a stone staircase leading down here.
Unknown command.
Unknown command.
Unknown command.
Okay, then.
It was a potion of curing.
You feel better. The ball python barely misses you. The ball python grabs you.
The ball python constricts you. The lemure hits you but does no damage.
Pikel hits you but does no damage. The ball python barely misses you.
The ball python constricts you. The lemure hits you!
* * * LOW HITPOINT WARNING * * *
The lemure hits you.
* * * LOW HITPOINT WARNING * * *
You feel better.
The ball python bites you but does no damage.
The ball python constricts you. The lemure hits you.
* * * LOW HITPOINT WARNING * * *
Pikel hits you with a +0 whip of electrocution.
* * * LOW HITPOINT WARNING * * *
The lemure hits you but does no damage. The lemure hits you.
You die...

## ##### .###...####
#...#.....###
#...###...#.#
.#.#...#..#.##
.#.#...###...###########
.#.#...#............[..##
#...###...###...K5......##
.#.#.....#.....5@S.......#
.#.#...###.......5.......#
.#.#..#...#..............#
#...###...#..............#
......#...#..............#
.###...###..............##
#...#.....#.#..........##
#...###...#.##..##...###
.#.#...#..#.##.#####.#


You could see Pikel, 3 lemures and a ball python.

Vanquished Creatures
  An orc priest (D:3)
  A dart slug (D:1)
  7 orcs (D:3)
  6 endoplasms
  2 giant cockroaches (D:2)
  2 goblins
  3 hobgoblins
  A ball python (D:3)
  6 bats
  A frilled lizard (D:1)
  4 kobolds
  10 rats
44 creatures vanquished.

Notes
Turn   | Place    | Note
-------+----------+-------------------------------------------
     0 | D:1      | Kinoniko the Merfolk Berserker began the quest for the Orb.
     0 | D:1      | Reached XP level 1. HP: 18/18 MP: 1/1
   258 | D:1      | Reached XP level 2. HP: 16/24 MP: 2/2
   895 | D:2      | Found a faded altar of an unknown god.
   898 | D:2      | Reached XP level 3. HP: 29/29 MP: 3/3
   928 | D:2      | Reached ** piety under Trog
  1529 | D:3      | Reached skill level 5 in Polearms
  1720 | D:3      | HP: 2/45 [orc priest/+0 trident of protection (5)]
  1723 | D:3      | Reached XP level 4. HP: 3/37 MP: 4/4
  2409 | D:4      | Noticed Pikel
  2409 | D:4      | Noticed a lemure
  2409 | D:4      | Noticed a lemure
  2409 | D:4      | Noticed a lemure
  2409 | D:4      | Noticed a lemure
  2415 | D:3      | HP: 1/37 [lemure[Pikel] (6)]
  2416 | D:3      | Slain by a lemure

Illustrated notes

Levels and vault maps discovered:
D:1:      kennysheep_arrival_seaside, layout_rooms, minmay_tromino_i4
D:2:      layout_basic, ebering_ecumenical_altar_rust, fountainhead
D:3:      layout_rooms, nicolae_titane
D:4:      layout_cave_pools, mainiacjoe_overflow_chevrons, lemuel_crystal_altar,
          minmay_misc_feat_x, minmay_starry_boxes, uniq_pikel,
          uniq_crazy_yiuf_cottage

Skill      XL: |  1  2  3 |
---------------+----------+-----
Dodging        | 3 |  3.7
Polearms       | 5 |  5.5
Fighting       | |  3.9
Armour         | |  1.3

Action                   |  1- 3 |  4- 6 || total
-------------------------+-------+-------++-------
Melee: Spear             |   109 |     5 ||   114
       Trident           |       |    19 ||    19
Invok: Berserk           |     2 |       ||     2
  Use: Potion            |       |     2 ||     2
 Stab: Sleeping          |     4 |       ||     4
Armor: Animal skin       |    15 |       ||    15
       Chain mail        |    10 |    17 ||    27
Dodge: Dodged            |    47 |     9 ||    56

Table legend: (Time is in decaauts)
 A = Elapsed time spent in this place.
 B = Non-inter-level travel time spent in this place.
 C = Inter-level travel time spent in this place.
 D = Time resting spent in this place.
 E = Time spent auto-exploring this place.
 F = Levels seen in this place.
 G = Mean time per level.
                   A        B        C        D        E       F      G
               +--------+--------+--------+--------+--------+-----+--------+
         Total |   2400 |   2264 |    136 |    283 |   1682 |   4 |  600.0 |
       Dungeon |   2400 |   2264 |    136 |    283 |   1682 |   4 |  600.0 |
               +--------+--------+--------+--------+--------+-----+--------+

Top non-repeatable levels by time:
     D:3: 925 daAuts
     D:2: 771 daAuts
     D:1: 699 daAuts
     D:4: 4 daAuts
